 Dungeon Crawl Stone Soup version 0.23.2-33-g5129a83 (webtiles) character file.

Game seed: 16025359000330985373

3064 thomd the Cleaver (level 9, -2/80 (82) HPs)
             Began as a Hill Orc Fighter on July 31, 2019.
             Was an Elder of Okawaru.
             Shot with a sling bullet by Joseph (10 damage)
             ... on level 7 of the Dungeon.
             The game lasted 00:16:31 (6871 turns).

thomd the Cleaver (Hill Orc Fighter)                Turns: 6871, Time: 00:16:32

HP:   -2/80 (82)    AC: 11    Str: 19      XL:     9   Next: 88%
MP:   9/9           EV:  8    Int: 11      God:    Okawaru [****..]
Gold: 542           SH:  8    Dex:  9 (10) Spells: 8/8 levels left

rFire    . . .     SeeInvis .   e - +2 hand axe (venom)
rCold    . . .     Gourm    .   c - +0 shield
rNeg     . . .     Faith    .   A - +2 robe {MR+}
rPois    .         Spirit   .   (no helmet)
rElec    .         Reflect  .   (no cloak)
rCorr    .         Harm     .   B - +1 pair of gloves
MR       +....                  (no boots)
Stlth    +.........             x - amulet of magic regeneration
HPRegen  0.23/turn              n - +5 ring of protection
MPRegen  0.36/turn              q - ring of wizardry

@: heavily drained
A: no striking features
a: Heroism, Renounce Religion


You were on level 7 of the Dungeon.
You worshipped Okawaru.
Okawaru was greatly pleased with you.
You were not hungry.

You visited 1 branch of the dungeon, and saw 8 of its levels.
You also visited: Ossuary.

You collected 542 gold pieces.

Inventory:

Hand Weapons
 e - a +2 hand axe of venom (weapon)
 s - a +3 flail
Armour
 c - a +0 shield (worn)
 t - a +0 plate armour
 A - a +2 robe of magic resistance (worn)
 B - a +1 pair of gloves (worn)
Jewellery
 n - a +5 ring of protection (left hand)
 q - a ring of wizardry (right hand)
 x - an amulet of magic regeneration (around neck)
Wands
 b - a wand of iceblast (11)
Scrolls
 a - a scroll of amnesia
 g - 3 scrolls of blinking
 i - 3 scrolls of enchant weapon
 p - a scroll of random uselessness {unknown}
 w - 4 scrolls of remove curse
 y - 7 scrolls of teleportation
 C - a scroll of fear
Potions
 d - 4 potions of might
 h - 5 potions of brilliance
 j - a potion of flight
 k - 2 potions of lignification
 l - 4 potions of heal wounds
 m - a potion of ambrosia
 o - 7 potions of curing
 r - a potion of berserk rage
 u - 2 potions of agility
 v - a potion of mutation {unknown}
 z - a potion of invisibility {unknown}
 D - 2 potions of resistance
Comestibles
 f - 12 rations


   Skills:
 + Level 8.5(6.5) Fighting
 * Level 14.7(12.4) Axes
 - Level 3.2(1.5) Armour
 - Level 3.2(1.5) Shields


You had 8 spell levels left.
You didn't know any spells.
Your spell library contained the following spells:

 Spells                   Type           Power        Failure   Level  Hunger
 Animate Skeleton         Necr           N/A          58%         1    ##.....
 Apportation              Tloc           #.....       58%         1    ##.....
 Confusing Touch          Hex            #.....       58%         1    ##.....
 Summon Small Mammal      Summ           #...         58%         1    ##.....


Dungeon Overview and Level Annotations

Branches:
Dungeon (8/15)
 Temple: D:4-7         Lair: D:8-11

Altars:
Makhleb
Okawaru
The Shining One

Shops:
D:4 =   D:7 (**

Annotations:
D:7 Joseph


Message History

Joseph hits you with a +4 quarterstaff of draining.
* * * LOW HITPOINT WARNING * * *
You feel drained.
* * * LOW HITPOINT WARNING * * *
You closely miss Joseph.
Joseph is heavily wounded.
Joseph unwields a +4 quarterstaff of draining.
Joseph wields a +0 hunting sling.
Joseph shoots a sling bullet.
The sling bullet hits you!
* * * LOW HITPOINT WARNING * * *
You see here 2 sling bullets.
Joseph shoots a sling bullet.
You block the sling bullet.
You see here a sling bullet.
As you read the scroll of fog, it crumbles to dust.
The scroll dissolves into smoke.
Joseph shoots a sling bullet.
The sling bullet hits you but does no damage.
You see here a sling bullet.
Joseph shoots a sling bullet.
The sling bullet hits you!
You die...

######## ## #......# #.
#......# #. #.§§§§§# #.
#.§§§§§####### #.
#.§§@§.(@....# #####.
##§#########.# #.....
##)#########.# #.....
#.@........).# #.....
#...(........#######.....
###......>........)..).....
#.................####.....
#.........#.......# #.....
#.........#.......########.


You could see Joseph.

Vanquished Creatures
  Sigmund (D:5)
  A spriggan (D:7)
  An ice beast (D:7)
  2 phantoms
  2 black bears (D:6)
  A sky beast (D:6)
  A necrophage (D:5)
  An ogre (D:5)
  2 centaurs (D:6)
  A big kobold (D:7)
  5 bullfrogs
  A scorpion (D:7)
  2 wights (D:7)
  A howler monkey (D:4)
  2 bullfrog zombies (D:7)
  2 crimson imps
  A quasit (D:7)
  4 hounds
  6 jellies
  2 bullfrog skeletons
  5 orc priests
  An orc wizard (D:5)
  A centaur skeleton (D:4)
  3 iguanas
  4 worker ants
  Natasha (thrice) (D:2)
  A hound zombie (D:6)
  3 mummies (Ossuary)
  8 gnolls
  11 adders
  2 oozes
  2 adder zombies
  2 dart slugs
  6 leopard geckos
  17 orcs
  6 bats
  4 giant cockroaches
  A gnoll zombie (Ossuary)
  3 hobgoblins
  2 jackals (D:1)
  2 quokkas
  3 ball pythons
  5 frilled lizards
  5 goblins
  3 goblin zombies (Ossuary)
  10 kobolds
  6 kobold zombies (Ossuary)
  2 leopard gecko skeletons
  A leopard gecko zombie (D:7)
  A quokka skeleton (D:4)
  3 quokka zombies (Ossuary)
  9 rats
  4 rat zombies (Ossuary)
178 creatures vanquished.

Notes
Turn   | Place    | Note
-------+----------+-------------------------------------------
     0 | D:1      | thomd the Hill Orc Fighter began the quest for the Orb.
     0 | D:1      | Reached XP level 1. HP: 19/19 MP: 1/1
    57 | D:1      | Reached skill level 3 in Axes
    81 | D:1      | Reached XP level 2. HP: 22/27 MP: 2/2
   626 | D:1      | Reached XP level 3. HP: 33/33 MP: 3/3
   768 | D:1      | Reached skill level 4 in Axes
  1122 | D:2      | Noticed Natasha
  1135 | D:2      | Killed Natasha
  1135 | D:2      | Reached XP level 4. HP: 29/41 MP: 4/4
  1201 | D:2      | Noticed Natasha
  1208 | D:2      | Killed Natasha
  1208 | D:2      | Reached skill level 5 in Axes
  1213 | D:2      | Noticed Natasha
  1218 | D:2      | Killed Natasha
  1218 | D:2      | Reached XP level 5. HP: 33/47 MP: 5/5
  1496 | D:2      | Found a faded altar of an unknown god.
  1619 | D:2      | Reached skill level 6 in Axes
  1629 | D:2      | Reached skill level 5 in Fighting
  2025 | D:3      | You fall through a shaft for 2 floors!
  2025 | D:5      | Entered Level 5 of the Dungeon
  2111 | D:4      | Found an iron altar of Okawaru.
  2125 | D:4      | Became a worshipper of Warmaster Okawaru
  2174 | D:4      | Reached skill level 7 in Axes
  2174 | D:4      | Reached XP level 6. HP: 54/56 MP: 6/6
  2521 | D:3      | Found a glowing golden altar of the Shining One.
  3119 | D:4      | Reached skill level 8 in Axes
  3216 | D:4      | Found Vemnesif's Jewellery Shoppe.
  3271 | D:4      | Reached XP level 7. HP: 61/61 MP: 7/7
  3530 | D:5      | Found a burning altar of Makhleb.
  3549 | D:5      | Reached * piety under Okawaru
  3549 | D:5      | Reached skill level 9 in Axes
  3572 | D:5      | Noticed Sigmund
  3598 | D:5      | Killed Sigmund
  3826 | D:5      | Reached skill level 10 in Axes
  3826 | D:5      | Reached XP level 8. HP: 60/68 MP: 8/8
  4014 | D:5      | Reached ** piety under Okawaru
  4523 | D:6      | Reached skill level 11 in Axes
  4672 | D:6      | Reached skill level 12 in Axes
  4683 | D:6      | Reached *** piety under Okawaru
  4708 | D:6      | Reached XP level 9. HP: 62/77 MP: 9/9
  4905 | D:6      | Reached skill level 13 in Axes
  5328 | D:7      | Found Oref's Antique Weapon Emporium.
  5365 | D:7      | Found a sand-covered staircase.
  5377 | Ossuary  | Entered an ossuary
  6266 | D:7      | Reached skill level 14 in Axes
  6456 | D:7      | Reached **** piety under Okawaru
  6552 | D:7      | Found Dotzin's Assorted Antiques.
  6580 | D:7      | Found Xymn's Serpentskin Sales.
  6810 | D:8      | Noticed Joseph
  6871 | D:7      | Shot with a sling bullet by Joseph

Skill      XL: |  1  2  3  4  5  6  7  8  9 |
---------------+----------------------------+-----
Axes           | 3 4 5 7 8 10 12 14 | 14.7
Fighting       | 4 5 6 7 8 |  8.5
Armour         | |  3.2
Shields        | |  3.2

Action                   |  1- 3 |  4- 6 |  7- 9 || total
-------------------------+-------+-------+-------++-------
Melee: War axe           |    58 |       |       ||    58
       Hand axe          |    19 |   172 |   383 ||   574
Invok: Heroism           |       |       |     3 ||     3
  Use: Scroll            |     5 |     1 |    14 ||    20
  Eat: Chunk             |     1 |     7 |     6 ||    14
       Ration            |       |       |     2 ||     2
Armor: Scale mail        |    38 |    13 |       ||    51
       Plate armour      |       |    55 |     5 ||    60
       Robe              |       |       |   112 ||   112
Dodge: Dodged            |    29 |    28 |    78 ||   135
Block: Shield            |    38 |    67 |   116 ||   221
